 Dungeon Crawl Stone Soup version 0.19.3-1-g3169bf9 (webtiles) character file.

215 septik the Cudgeler (level 5, -1/32 HPs)
             Began as a Gargoyle Fighter on Jan 26, 2017.
             Was an Initiate of Trog.
             Slain by Blork the orc
             ... wielding a +0 dire flail
              (3 damage)
             ... on level 4 of the Dungeon.
             The game lasted 00:11:32 (2932 turns).

septik the Cudgeler (Gargoyle Fighter)              Turns: 2932, Time: 00:11:32

Health: -1/32      AC: 16    Str: 19    XL:     5   Next: 92%
Magic:  5/5        EV:  5    Int:  9    God:    Trog [......]
Gold:   119        SH:  9    Dex: 10    Spells: 0 memorised, 4 levels left

rFire  . . .     SeeInvis .     p - +2 whip (venom)
rCold  . . .     Gourm    .     t - +0 chain mail
rNeg   + . .     Faith    .     c - +0 shield
rPois  ∞         Spirit   .     k - +0 helmet
rElec  +         Reflect  .     q - +0 cloak
rCorr  .         Harm     .     n - +0 pair of gloves
MR     .....                    (no boots)
Stlth  ..........               (no amulet)
                                (no ring)
                                (no ring)

@: no status effects
A: negative energy resistance 1, electricity resistance, unbreathing,
petrification resistance, rot immunity, AC +4
a: Burn Spellbooks, Renounce Religion


You were on level 4 of the Dungeon.
You worshipped Trog.
Trog was noncommittal.
You were not hungry.

You visited 1 branch of the dungeon, and saw 4 of its levels.

You collected 119 gold pieces.

Inventory:

Hand Weapons
 a - a +0 flail
 p - a +2 whip of venom (weapon)
Missiles
 m - 118 stones (quivered)
Armour
 b - a +0 scale mail
 c - a +0 shield (worn)
 k - a +0 helmet (worn)
 n - a +0 pair of gloves (worn)
 q - a +0 cloak (worn)
 t - a +0 chain mail (worn)
Jewellery
 r - an uncursed ring of magical power {unknown}
Scrolls
 e - 5 scrolls of identify {unknown}
 g - 3 scrolls of teleportation {unknown}
 i - 3 scrolls of enchant weapon {unknown}
 o - 2 scrolls of immolation {unknown}
 s - a scroll of enchant armour {unknown}
 x - 4 scrolls of remove curse {unknown}
 y - 2 scrolls of blinking {unknown}
 z - a scroll of fog {unknown}
 B - a scroll of random uselessness {unknown}
 C - 2 scrolls of amnesia {unknown}
Potions
 d - a potion of might
 h - 2 potions of agility {unknown}
 l - a potion of degeneration {unknown}
 u - 2 potions of brilliance {unknown}
 v - 2 potions of curing {unknown}
 A - a potion of resistance {unknown}
Comestibles
 f - 3 bread rations
 j - 3 meat rations
 w - 2 beef jerkies
 D - 4 chunks of flesh


   Skills:
 - Level 3.4 Fighting
 * Level 5.6 Maces & Flails
 - Level 3.4 Armour
 - Level 3.5 Shields


You had 4 spell levels left.
You didn't know any spells.

Dungeon Overview and Level Annotations

Branches:
Dungeon (4/15)
 Temple: D:4-7

Altars:
Cheibriados
Gozag
Hepliaklqana
Nemelex Xobeh
Sif Muna
Trog
Xom
Yredelemnul

Annotations:
D:4 Blork the orc


Innate Abilities, Weirdness & Mutations

You are resistant to torment.
Your stone body is resilient. (AC +4)
You are immune to poison.
You resist negative energy. (rN+)
You are resistant to electric shocks. (rElec)
You can survive without breathing.
You are immune to petrification.
You are immune to rotting.


Message History

Unknown command.
A puff of frost appears from out of thin air!
The puff of frost hits you! Something hits you.
Something hits you but does no damage.
You hear some strange, mumbled words.
A puff of frost appears from out of thin air!
The puff of frost hits you! Something hits you.
Something hits you but does no damage.
Your chain mail prevents you from hitting something.
The orc hits you but does no damage.
You completely miss something. Something hits you.
* * * LOW HITPOINT WARNING * * *
You block the orc's attack.
You barely miss something. Something hits you.
* * * LOW HITPOINT WARNING * * *
The orc hits you but does no damage.
You miss something. Something hits you but does no damage. Something hits you.
You die...

........#.....#..###.#..(....
#...#...#...#.#..# #.#.⌠...⌠.
........#...#.#..###.#.......
......o.#............####+###
#.......#.....#....###
#.......##....##.#.#
........##....##.#.#
........o.....o....#
......#.##..#.##@###
............#.##.###.##.
...............or.......
.##.###.##.....a........ .
#.# ####.##.######.### . #.#
#...........#
############........
#...................
####################


You could see a worker ant, 2 orcs and a quokka.

Vanquished Creatures
  2 hounds (D:4)
  A worker ant (D:4)
  4 adders
  An ooze (D:3)
  2 worms
  2 dart slugs (D:3)
  7 leopard geckos
  An orc (D:4)
  8 bats
  5 goblins
  6 hobgoblins
  13 jackals
  4 ball pythons
  5 frilled lizards
  8 kobolds
  10 rats
79 creatures vanquished.

Notes
Turn   | Place    | Note
-------+----------+-------------------------------------------
     0 | D:1      | septik the Gargoyle Fighter began the quest for the Orb.
     0 | D:1      | Reached XP level 1. HP: 14/14 MP: 1/1
   425 | D:1      | Reached XP level 2. HP: 13/19 MP: 2/2
  1032 | D:2      | Reached XP level 3. HP: 23/23 MP: 3/3
  1036 | D:2      | Reached skill level 3 in Maces & Flails
  1398 | D:3      | Reached XP level 4. HP: 28/28 MP: 4/4
  1488 | D:3      | Found a snail-covered altar of Cheibriados.
  1549 | D:3      | Found a basalt altar of Yredelemnul.
  1635 | D:3      | Found a shimmering altar of Xom.
  1637 | D:3      | Found a sparkling altar of Nemelex Xobeh.
  1639 | D:3      | Found a bloodstained altar of Trog.
  1694 | D:3      | Reached skill level 4 in Maces & Flails
  1774 | D:3      | Found a hazy altar of Hepliaklqana.
  1923 | D:3      | Found a deep blue altar of Sif Muna.
  2149 | D:3      | Found an opulent altar of Gozag.
  2516 | D:3      | Became a worshipper of Trog the Wrathful
  2667 | D:4      | Reached XP level 5. HP: 32/32 MP: 5/5
  2702 | D:4      | Reached skill level 5 in Maces & Flails
  2899 | D:4      | Noticed Blork the orc
  2932 | D:4      | Slain by Blork the orc

Skill      XL: |  1  2  3  4  5 |
---------------+----------------+-----
Maces & Flails | 3 4 5 |  5.6
Fighting       | |  3.4
Armour         | |  3.4
Shields        | |  3.5

Action                   |  1- 3 |  4- 6 || total
-------------------------+-------+-------++-------
Melee: Flail             |    46 |       ||    46
       Whip              |    92 |   141 ||   233
Throw: Stone             |     4 |       ||     4
  Eat: Chunk             |     2 |     5 ||     7
Armor: Scale mail        |    29 |       ||    29
       Chain mail        |    30 |    77 ||   107
Dodge: Dodged            |    20 |    34 ||    54
Block: Shield            |    74 |    77 ||   151
